 Dungeon Crawl Stone Soup version 0.19-a0-1891-ge1d1fe8 (console) character file.

139 Gottschkopf the Skirmisher (level 5, -2/47 HPs)
             Began as a Formicid Fighter on Oct 18, 2016.
             Slain by Sigmund
             ... wielding a +0 scythe
              (5 damage)
             ... on level 3 of the Dungeon.
             The game lasted 00:05:17 (2961 turns).

Gottschkopf the Skirmisher (Formicid Fighter)       Turns: 2961, Time: 00:05:18

Health: -2/47      AC:  6    Str: 21    XL:     5   Next: 46%
Magic:  5/5        EV:  7    Int:  8    God:
Gold:   51         SH:  0    Dex: 10    Spells: 0 memorised, 4 levels left

rFire  . . .     SeeInvis +     a - +0 long sword
rCold  . . .     Gourm    .     b - +0 scale mail
rNeg   . . .     Faith    .     c - +0 shield
rPois  .         Spirit   .     (helmet unavailable)
rElec  .         Reflect  .     (no cloak)
rCorr  .         Harm     .     (no gloves)
MR     .....                    (no boots)
Stlth  ..........               (no amulet)
                                (no ring)
                                (no ring)

@: confused
A: permanent stasis, dig shafts and tunnels, four strong arms, antennae 3
a: Dig, Shaft Self


You were on level 3 of the Dungeon.
You were not hungry.

You visited 1 branch of the dungeon, and saw 3 of its levels.

You collected 51 gold pieces.

Inventory:

Hand Weapons
 a - a +0 long sword (weapon)
Missiles
 q - 30 poisoned needles (quivered)
Armour
 b - a +0 scale mail (worn)
 c - a +0 shield (worn)
Jewellery
 j - an uncursed ring of ice
Scrolls
 e - a scroll of magic mapping {unknown}
 l - 2 scrolls of identify {unknown}
Potions
 d - a potion of might
 g - 2 potions of lignification {unknown}
 h - 3 potions of haste {unknown}
 m - a potion of invisibility {unknown}
 o - 2 potions of curing {unknown}
 p - a potion of mutation {unknown}
Comestibles
 f - 2 bread rations
 i - 3 fruits
 k - 2 meat rations
 n - 3 chunks of flesh
 r - a slice of pizza


   Skills:
 + Level 6.3 Fighting
 - Level 2.0 Long Blades
 - Level 3.2 Armour
 - Level 3.6 Shields


You had 4 spell levels left.
You didn't know any spells.

Dungeon Overview and Level Annotations

Branches:
Dungeon (3/15)

Altars:
Ashenzari
Elyvilon

Annotations:
D:3 Sigmund


Innate Abilities, Weirdness & Mutations

You are under a permanent stasis effect.
You can dig through walls and to a lower floor.
Your four strong arms can wield two-handed weapons with a shield.
You have a pair of large antennae on your head. (SInv)


Message History

Sigmund is almost dead.
Sigmund gestures at you while chanting. The magic dart hits you!
Sigmund points at you and mumbles some strange words.
You resist with some effort.
You hit Sigmund.
Sigmund is almost dead.
Sigmund casts a spell at you.
You are confused.
You miss Sigmund.
Sigmund is almost dead.
Sigmund points at you and mumbles some strange words.
The magic dart hits you!
* * * LOW HITPOINT WARNING * * *
Sigmund hits you with a scythe.
* * * LOW HITPOINT WARNING * * *
You miss Sigmund.
Sigmund is almost dead.
Sigmund hits you with a scythe.
You die...

## ##. #.. #.. ##.. ##
#.. .# #.# ##.# ######
##@# #.. #.....
?..###.@######.####.....
........................
...#####...##..####.....
# ###..#(## #.....
##...# ##..## #..###
#.### #....#####....
##.#.......(..
#.##.#####.##


You could see Sigmund (invisible).

Vanquished Creatures
  4 gnolls (D:2)
  4 adders (D:2)
  An ooze (D:1)
  A worm (D:2)
  2 leopard geckos (D:1)
  5 giant cockroaches
  8 goblins
  8 hobgoblins
  3 jackals (D:1)
  A ball python (D:1)
  6 bats
  5 frilled lizards
  4 kobolds
  8 rats
60 creatures vanquished.

Notes
Turn   | Place    | Note
-------+----------+-------------------------------------------
     0 | D:1      | Gottschkopf the Formicid Fighter began the quest for the Orb.
     0 | D:1      | Reached XP level 1. HP: 18/18 MP: 1/1
   103 | D:1      | Reached XP level 2. HP: 12/25 MP: 2/2
   123 | D:1      | Reached skill level 4 in Fighting
   581 | D:1      | Reached XP level 3. HP: 24/31 MP: 3/3
  1498 | D:2      | Found a white marble altar of Elyvilon.
  1519 | D:2      | Reached skill level 5 in Fighting
  1519 | D:2      | Reached XP level 4. HP: 31/39 MP: 4/4
  1706 | D:2      | HP: 1/39 [gnoll (2)]
  2085 | D:2      | Reached XP level 5. HP: 46/46 MP: 5/5
  2553 | D:2      | Reached skill level 6 in Fighting
  2888 | D:3      | Found a shattered altar of Ashenzari.
  2936 | D:3      | Noticed Sigmund
  2961 | D:3      | Slain by Sigmund

Vault maps used:
D:1:      sevenhm_arrival_forest_fort_large_2, serial_bayou_pond_b
D:2:      old_standard_altar
D:3:      kennysheep_cross_bottleneck, minmay_misc_feat_x, ashenzari_altar_1,
          uniq_robin, uniq_sigmund

Skill      XL: |  1  2  3  4  5 |
---------------+----------------+-----
Fighting       | 4 5 6 |  6.3
Long Blades    | |  2.0
Armour         | |  3.2
Shields        | |  3.6

Action                   |  1- 3 |  4- 6 || total
-------------------------+-------+-------++-------
Melee: Long sword        |    95 |   118 ||   213
  Eat: Chunk             |     2 |     5 ||     7
Armor: Scale mail        |    57 |    41 ||    98
Dodge: Dodged            |    36 |    31 ||    67
Block: Shield            |    51 |    67 ||   118
       Rpst.: Long sword |    14 |     8 ||    22
